 Dungeon Crawl Stone Soup version 0.20.1-1-g8b1a95d (webtiles) character file.

63 letownia2 the Grave Robber (level 3, 0/28 HPs)
             Began as a Deep Dwarf Necromancer on Nov 28, 2017.
             Slain by an iguana (10 damage)
             ... on level 4 of the Dungeon.
             The game lasted 00:03:22 (1275 turns).

letownia2 the Grave Robber (Deep Dwarf Necromancer) Turns: 1275, Time: 00:03:22

Health: 0/28       AC:  6    Str: 11    XL:     3   Next: 89%
Magic:  1/6        EV: 11    Int: 16    God:
Gold:   40         SH:  0    Dex: 13    Spells: 2/6 levels left

rFire    . . .     SeeInvis .   h - +0 battleaxe
rCold    . . .     Gourm    .   (shield currently unavailable)
rNeg     . . .     Faith    .   f - +0 ring mail
rPois    .         Spirit   .   d - +0 helmet (curse)
rElec    .         Reflect  .   (no cloak)
rCorr    .         Harm     .   (no gloves)
MR       .....                  (no boots)
Stlth    +.........             (no amulet)
Regen    0.0/turn               (no ring)
MPRegen  0.1/turn               (no ring)

@: lethally poisoned (0 -> 0), about to teleport, non-regenerating
A: damage resistance, heal wounds, blurry vision 1, sense surroundings 1, wild
magic 1, no regeneration
a: Heal Wounds


You were on level 4 of the Dungeon.
You were not hungry.

You visited 1 branch of the dungeon, and saw 4 of its levels.

You collected 40 gold pieces.

Inventory:

Hand Weapons
 h - a +0 battleaxe (weapon)
Missiles
 k - 5 tomahawks (quivered)
Armour
 a - a +0 robe
 d - a cursed +0 helmet (worn)
 f - a +0 ring mail (worn)
 m - a +2 robe of resistance
Scrolls
 e - a scroll of identify
 l - a scroll of blinking {unknown}
Potions
 g - a potion of degeneration {unknown}
Books
 b - a book of Necromancy

   Spells                             Type                      Level
   a - Pain                           Necromancy                   1
   b - Animate Skeleton               Necromancy                   1
   c - Vampiric Draining              Necromancy                   3
   d - Regeneration                   Charms/Necromancy            3
   e - Animate Dead                   Necromancy                   4
   f - Control Undead                 Necromancy                   4
Comestibles
 c - a bread ration
 i - 2 chunks of flesh


   Skills:
 - Level 2.1 Dodging
 - Level 2.4 Stealth
 - Level 2.2 Spellcasting
 + Level 5.8 Necromancy


You had 2 spell levels left.
You knew the following spells:

 Your Spells              Type           Power        Failure   Level  Hunger
a - Pain                  Necr           ####         8%          1    #......
v - Vampiric Draining     Necr           ####......   21%         3    ###....


Dungeon Overview and Level Annotations

Branches:
Dungeon (4/15)
 Temple: D:4-7

Altars:

Annotations:
D:4 exclusion: ogre, Dowan, Duvessa


Innate Abilities, Weirdness & Mutations

You are resistant to damage.
You can heal yourself by infusing magical energy.
You passively map a small area around you.
You do not regenerate.
Scrolls take you a little longer to read.
Your spells are a little harder to cast, but a little more powerful.


Message History

You feel extremely strange.
Your vision blurs.
You feel less in control of your magic. The iguana barely misses you.
Dowan closely misses you.
Really read with blurry vision while enemies are nearby?
The iguana closely misses you.
You begin reading the scroll.
You continue reading the scroll.
Dowan hits you with a dagger of venom.
You are poisoned.
The iguana barely misses you.
As you read the scroll labeled CUUXUU WICSAIBRIMM, it crumbles to dust.
You feel strangely unstable.
It was a scroll of teleportation.
Casting: Vampiric Draining
Confirm with . or Enter, or press ? or * to list all spells.
Okay, then.
Really read with blurry vision while enemies are nearby?
Dowan gestures wildly while chanting.
Dowan blinks!
You begin reading the scroll.
You continue reading the scroll.
The iguana bites you!
You die...

##..##.. *
#.....#
##.##.. ,
#.###. * * #.#
## * #.# * ###
* ..*
########ยง## ,
*, #.....e.#@#
#.######l## *
* ##.######h#
, ,,
#.l....h... ,
#..######.##**
, #..# #.####
# *##.##..###
#.... ,.. <
..........#
##.# ,.e,
###.#####.#
##.# ##.###*
*#####


You could see an iguana and a hound.

Vanquished Creatures
  An iguana (D:4)
  An adder zombie (D:4)
  A leopard gecko (D:2)
  5 orcs (D:3)
  A ball python (D:4)
  3 bats
  A giant cockroach (D:1)
  6 jackals
  2 quokkas
  A frilled lizard (D:4)
  2 kobolds
  A quokka skeleton (D:4)
  A rat (D:1)
26 creatures vanquished.

Notes
Turn   | Place    | Note
-------+----------+-------------------------------------------
     0 | D:1      | letownia2 the Deep Dwarf Necromancer began the quest for the Orb.
     0 | D:1      | Reached XP level 1. HP: 15/15 MP: 3/3
   465 | D:1      | Reached XP level 2. HP: 22/22 MP: 1/5
   721 | D:3      | Reached skill level 5 in Necromancy
   872 | D:4      | Reached XP level 3. HP: 12/28 MP: 0/6
   930 | D:4      | Learned a level 3 spell: Vampiric Draining
  1058 | D:4      | Noticed an ogre
  1241 | D:4      | Noticed Dowan
  1262 | D:4      | Noticed Duvessa
  1271 | D:4      | Gained mutation: Scrolls take you a little longer to read. [potion of mutation]
  1271 | D:4      | Gained mutation: Your spells are a little harder to cast, but a little more powerful. [potion of mutation]
  1275 | D:4      | Slain by an iguana

Skill      XL: |  1  2 |
---------------+-------+-----
Spellcasting   | 2 |  2.2
Necromancy     | 5 |  5.8
Dodging        | |  2.1
Stealth        | |  2.4

Action                   || total
-------------------------++-------
Melee: Battleaxe         ||    41
 Cast: Pain              ||    34
       Vampiric Draining ||     6
  Use: Scroll            ||     2
       Potion            ||     1
  Eat: Chunk             ||     2
Armor: Ring mail         ||    49
Dodge: Dodged            ||    80
